 Dungeon Crawl Stone Soup version 0.24.0-29-g8ce449bc06 (webtiles) character file.

Game seed: 3533661981138367587, levelgen mode: deterministic

1230 DildoBatman the Conjurer (level 8, 0/43 HPs)
             Began as a Tengu Conjurer on Nov 14, 2019.
             Was a Priest of Kikubaaqudgha.
             Killed from afar by Dowan (23 damage)
             ... with a shard of ice
             ... on level 5 of the Dungeon.
             The game lasted 00:26:16 (5226 turns).

DildoBatman the Conjurer (Tengu Conjurer)           Turns: 5226, Time: 00:26:16

Health: 0/43       AC: 11    Str:  8    XL:     8   Next: 48%
Magic:  7/24       EV: 16    Int: 18    God:    Kikubaaqudgha [***...]
Gold:   128        SH:  0    Dex: 15    Spells: 1/15 levels left

rFire    . . .     SeeInvis .   a - +4 mace (protect)
rCold    . . .     Gourm    .   (no shield)
rNeg     . . .     Faith    .   o - +0 robe
rPois    .         Spirit   .   (helmet restricted)
rElec    .         Reflect  .   p - +1 cloak
rCorr    .         Harm     .   (no gloves)
MR       .....                  (boots unavailable)
Stlth    ++........             (no amulet)
HPRegen  1.14/turn              r - ring of magical power
MPRegen  0.19/turn              (no ring)

@: protection aura, flying quickly and evasively, regenerating, quick
A: beak, talons 3, able to fly
a: Stop Flying, Receive Corpses, Renounce Religion


You were on level 5 of the Dungeon.
You worshipped Kikubaaqudgha.
Kikubaaqudgha was most pleased with you.
You were hungry.

You visited 1 branch of the dungeon, and saw 5 of its levels.

You collected 186 gold pieces.
You spent 58 gold pieces at shops.

Inventory:

Hand Weapons
 a - a +4 mace of protection (weapon)
 b - a +0 halberd
Missiles
 c - 73 bolts
 d - 32 arrows
 e - 112 stones (quivered)
 l - 4 curare-tipped darts
Armour
 o - a +0 robe (worn)
 p - a +1 cloak (worn)
 s - a +0 shield
Jewellery
 r - a ring of magical power (left hand)
Wands
 u - a wand of digging (5)
 A - a wand of acid (8)
Scrolls
 f - a scroll of immolation
 i - a scroll of enchant armour
 m - 2 scrolls of fear
 x - a scroll of remove curse
 y - a scroll of enchant weapon {unknown}
 z - a scroll of identify
 B - 2 scrolls of teleportation {unknown}
 D - a scroll of holy word {unknown}
Potions
 g - 2 potions of heal wounds {unknown}
 h - 2 potions of degeneration {unknown}
 k - a potion of cancellation {unknown}
 n - a potion of curing
 q - 2 potions of ambrosia {unknown}
 t - a potion of magic {unknown}
 w - a potion of haste {unknown}
 C - a potion of agility
Comestibles
 v - 7 rations


   Skills:
 - Level 1.1 Fighting
 - Level 3.0 Armour
 - Level 3.0 Dodging
 - Level 2.0 Stealth
 - Level 4.1 Spellcasting
 - Level 6.2 Conjurations
 - Level 3.0 Charms
 * Level 4.4 Necromancy
 * Level 3.3 Fire Magic
 * Level 4.8 Air Magic


You had one spell level left.
You knew the following spells:

 Your Spells              Type           Power        Failure   Level  Hunger
a - Conjure Flame         Conj/Fire      ###.....     6%          3    ###....
c - Magic Dart            Conj           ####         1%          1    None
d - Regeneration          Chrm/Necr      ###.......   10%         3    ###....
e - Mephitic Cloud        Conj/Pois/Air  ###.....     10%         3    ###....
j - Blink                 Tloc           N/A          22%         2    ##.....
z - Sublimation of Blood  Necr           ###.......   3%          2    ##.....

Your spell library contained the following spells:

 Spells                   Type           Power        Failure   Level  Hunger
 Pain                     Necr           ###.         2%          1    None
 Confusing Touch          Hex            #.....       14%         1    None
 Searing Ray              Conj           ####..       1%          2    ##.....
 Corpse Rot               Necr           N/A          3%          2    ##.....
 Iskenderun's Mystic Bla  Conj           ####....     11%         4    ####...
 Dazzling Spray           Conj/Hex       ##....       12%         3    ###....
 Call Imp                 Summ           #.......     22%         2    ##.....
 Slow                     Hex            #.......     22%         2    ##.....
 Animate Dead             Necr           N/A          24%         4    ####...
 Force Lance              Conj/Tloc      ##......     38%         4    ####...
 Fulminant Prism          Conj/Hex       ##........   38%         4    ####...
 Confuse                  Hex            #.......     41%         3    ###....
 Gell's Gravitas          Tloc           #.........   41%         3    ###....
 Bolt of Draining         Conj/Necr      ###.......   41%         5    ######.
 Agony                    Necr           ###.....     54%         5    ######.
 Dispel Undead            Necr           ###.....     54%         5    ######.
 Petrify                  Tmut/Erth      #.......     82%         4    ####...
 Borgnjor's Vile Clutch   Necr/Erth      ##........   85%         5    ######.
 Metabolic Englaciation   Hex/Ice        #.........   99%         5    ######.
 Yara's Violent Unravell  Hex/Tmut       #.........   99%         5    ######.


Dungeon Overview and Level Annotations

Branches:
Dungeon (5/15)
 Temple: D:4-7

Altars:
Fedhas
Kikubaaqudgha

Shops:
D:4 :   D:5 *

Annotations:
D:4 2 transporters, Vasilisck's ghost, amateur GnNe
D:5 Dowan; Grinder


Innate Abilities, Weirdness & Mutations

You have a beak for a mouth.
You have claws for feet.
You can fly continuously.


Message History

Aiming: Mephitic Cloud (safe; 10% risk of failure)
Press: ? - help, Shift-Dir - straight line, f - Dowan
Aim: Dowan, wielding a +0 dagger and wearing a +0 robe (fast)
The ball explodes into a vile cloud!
The stinking cloud engulfs Dowan but does no damage.
Dowan is engulfed in noxious fumes.
Dowan is engulfed in blazing flames.
Dowan barely misses you.
You hit Dowan.
Your weapon exudes an aura of protection.
Dowan is heavily wounded.
Dowan is engulfed in blazing flames.
Dowan drinks a potion.
Dowan is healed!
Dowan is engulfed in blazing flames.
Dowan casts a spell at you. The shard of ice hits you!!
Ouch! That really hurt!
You die...
Kikubaaqudgha rasps: "You have failed me!
Welcome... death!"

###.#.#.....######.###
#...#.####### #.#
#.###.# #§# #.###.##
#.# .......# #)#
#.###.[# #># #.####.#
#.#
#....#.###########○#
#.##............@e.#
#.####.#############
#......# ######## ##
.# .# .##


You could see Dowan.

Vanquished Creatures
  Edmund (D:4)
  Duvessa (D:5)
  2 ogres (D:5)
  2 centaurs
  A necrophage (D:5)
  A scorpion (D:4)
  A howler monkey (D:5)
  2 crimson imps (D:5)
  A hound (D:4)
  2 orc priests
  Crazy Yiuf (D:3)
  An iguana (D:4)
  Ijyb (D:5)
  A worker ant (D:4)
  A hound zombie (D:5)
  4 gnolls (D:2)
  9 adders
  2 oozes (D:1)
  3 worms
  5 leopard geckos
  20 orcs
  10 bats
  5 giant cockroaches
  8 goblins
  7 hobgoblins
  10 jackals
  8 kobolds
  A ball python (D:1)
  9 frilled lizards
  A jackal skeleton (D:4)
  A quokka skeleton (D:4)
  A quokka zombie (D:5)
  9 rats
132 creatures vanquished.

Notes
Turn   | Place    | Note
-------+----------+-------------------------------------------
     0 | D:1      | DildoBatman the Tengu Conjurer began the quest for the Orb.
     0 | D:1      | Reached XP level 1. HP: 10/10 MP: 4/4
   185 | D:1      | Reached XP level 2. HP: 12/15 MP: 1/6
   251 | D:1      | Reached skill level 6 in Conjurations
   592 | D:1      | Reached XP level 3. HP: 10/19 MP: 1/7
  1513 | D:2      | Reached XP level 4. HP: 24/24 MP: 3/10
  1578 | D:2      | Found an ancient bone altar of Kikubaaqudgha.
  1584 | D:2      | Became a worshipper of Kikubaaqudgha
  2298 | D:3      | Gained mutation: You can fly continuously. [Tengu growth]
  2298 | D:3      | Reached XP level 5. HP: 27/28 MP: 7/12
  2415 | D:3      | Reached * piety under Kikubaaqudgha
  2415 | D:3      | Identified Kikubaaqudgha's Collected Works on Sinister
                  | Secrets (Kikubaaqudgha gifted it to you on level 3 of the
                  | Dungeon)
  2415 | D:3      | Received a gift from Kikubaaqudgha
  2420 | D:3      | Learned a level 2 spell: Sublimation of Blood
  2424 | D:3      | Learned a level 3 spell: Regeneration
  2473 | D:3      | Learned a level 2 spell: Blink
  2560 | D:3      | Found a runed translucent door.
  2562 | D:3      | Noticed Crazy Yiuf
  2716 | D:3      | Reached skill level 1 in Armour
  2800 | D:2      | Reached skill level 1 in Necromancy
  2889 | D:3      | Reached skill level 1 in Fighting
  3126 | D:4      | Reached ** piety under Kikubaaqudgha
  3162 | D:4      | Reached XP level 6. HP: 34/34 MP: 4/13
  3167 | D:4      | Learned a level 3 spell: Mephitic Cloud
  3192 | D:4      | Found a transporter.
  3448 | D:4      | Reached skill level 1 in Charms
  3467 | D:4      | Reached skill level 1 in Air Magic
  3753 | D:4      | Noticed Vasilisck's ghost (amateur GnNe)
  3788 | D:4      | Found a blossoming altar of Fedhas.
  3863 | D:4      | Found a transporter.
  3907 | D:4      | Reached XP level 7. HP: 35/38 MP: 7/14
  3933 | D:4      | Noticed Edmund
  3968 | D:4      | Learned a level 3 spell: Conjure Flame
  4006 | D:4      | Killed Edmund
  4064 | D:4      | Found Hinebeh's Book Shoppe.
  4423 | D:3      | Killed Crazy Yiuf
  4423 | D:3      | Reached skill level 1 in Fire Magic
  4483 | D:5      | Entered Level 5 of the Dungeon
  4638 | D:5      | Noticed Grinder
  4721 | D:5      | Noticed Ijyb
  4743 | D:5      | Killed Ijyb
  4743 | D:5      | Reached XP level 8. HP: 43/43 MP: 6/15
  4987 | D:5      | Reached *** piety under Kikubaaqudgha
  4987 | D:5      | Identified Kikubaaqudgha's Guide on Darkness (Kikubaaqudgha
                  | gifted it to you on level 5 of the Dungeon)
  4987 | D:5      | Received a gift from Kikubaaqudgha
  5060 | D:5      | Found Afufabor's Assorted Antiques.
  5063 | D:5      | Bought a scroll labeled SERIF DAOTAMU for 20 gold pieces
  5063 | D:5      | Bought a scroll labeled JUMALI XELEILE for 20 gold pieces
  5063 | D:5      | Bought a fizzy silvery potion for 18 gold pieces
  5191 | D:5      | Noticed Duvessa
  5191 | D:5      | Noticed Dowan
  5208 | D:5      | Killed Duvessa
  5226 | D:5      | Killed from afar by Dowan

Levels and vault maps discovered:
D:1:      dpeg_arrival_simpleton_b, layout_basic
D:2:      layout_rooms, lemuel_round_altar
D:3:      layout_basic, first_ration, minmay_misc_feat_diagonals,
          uniq_crazy_yiuf_cottage
D:4:      layout_loops_ring, serial_shops, kennysheep_mini,
          gammafunk_ghost_stat_death, fedhas_bush_and_centaur_altar, uniq_edmund
D:5:      layout_loops_cross, serial_shops, nicolae_shop_behind_doors,
          uniq_grinder, uniq_ijyb, uniq_duvessa

Skill      XL: |  1  2  3  4  5  6  7  8 |
---------------+-------------------------+-----
Conjurations   | 6 |  6.2
Spellcasting   | 3 4 |  4.1
Armour         | 1 2 3 |  3.0
Necromancy     | 1 2 3 4 |  4.4
Fighting       | 1 |  1.1
Charms         | 1 2 3 |  3.0
Dodging        | 3 |  3.0
Air Magic      | 2 3 4 |  4.8
Fire Magic     | 2 3 |  3.3
Stealth        | |  2.0

Action                   |  1- 3 |  4- 6 |  7- 9 || total
-------------------------+-------+-------+-------++-------
Melee: Unarmed           |     4 |       |       ||     4
       Mace              |       |    31 |    38 ||    69
       Kick              |       |    13 |    11 ||    24
       Peck              |       |     2 |     5 ||     7
       Halberd           |       |       |    12 ||    12
 Cast: Magic Dart        |    78 |   194 |    21 ||   293
       Mephitic Cloud    |       |     5 |    13 ||    18
       Conjure Flame     |       |       |    16 ||    16
       Regeneration      |       |       |     2 ||     2
       Sublimation of Bl |       |       |     2 ||     2
 Abil: Fly               |       |       |     1 ||     1
  Use: Scroll            |       |     6 |       ||     6
 Stab: Confused          |       |     6 |     4 ||    10
  Eat: Chunk             |     3 |     7 |     7 ||    17
Armor: Robe              |     3 |     7 |     5 ||    15
Dodge: Dodged            |    10 |    63 |    28 ||   101
